 Dungeon Crawl Stone Soup version 0.28.0-53-g5a82cb258f (webtiles) character file.

Game seed: 1887175166153664762

114 fuccboisucc420 the Grave Robber (level 4, -1/30 HPs)
             Began as a Demonspawn Necromancer on July 18, 2022.
             Slain by an orc wizard
             ... wielding a +0 dagger
              (3 damage)
             ... on level 3 of the Dungeon.
             The game lasted 00:10:46 (2517 turns).

fuccboisucc420 the Grave Robber (DsNe)              Turns: 2517, Time: 00:10:46

Health: -1/30      AC:  6    Str:  8    XL:     4   Next: 67%
Magic:  3/9        EV: 11    Int: 25    God:
Gold:   110        SH:  0    Dex: 13    Spells: 7/9 levels left

rFire   . . .      SeeInvis .   i - +0 dagger (venom)
rCold   . . .      Faith    .   (no shield)
rNeg    . . .      Spirit   .   h - +0 leather armour
rPois   .          Reflect  .   (no helmet)
rElec   .          Harm     .   (no cloak)
rCorr   .          Rampage  .   (no gloves)
Will    +....                   b - +0 pair of boots
Stlth   ++........              (no amulet)
HPRegen 0.10/turn               d - ring of willpower
MPRegen 0.11/turn               j - +6 ring of intelligence

@: invisible
A: slimy green scales 1, spiny 1
a: no special abilities


You were on level 3 of the Dungeon.
You visited 1 branch of the dungeon, and saw 3 of its levels.

You collected 110 gold pieces.

Inventory:

Hand Weapons
 c - a +0 dagger
 g - a +0 short sword
 i - a +0 dagger of venom (weapon)
 k - a +0 long sword
Armour
 a - a +0 robe
 b - a +0 pair of boots (worn)
 h - a +0 leather armour (worn)
Magical Staves
 o - a staff of conjuration
Jewellery
 d - a ring of willpower (left hand)
 j - a +6 ring of intelligence (right hand)
Scrolls
 f - a scroll of teleportation
 n - a scroll of identify
Potions
 e - a potion of resistance
 m - a potion of curing {unknown}


   Skills:
 + Level 0.1 Armour
 + Level 1.9 Dodging
 + Level 2.0 Stealth
 + Level 3.3 Spellcasting
 + Level 5.5 Necromancy


You had 7 spell levels left.
You knew the following spells:

 Your Spells              Type           Power      Damage    Failure   Level
a - Pain                  Necr           100%       1d9       1%          1
b - Animate Skeleton      Necr           64%        N/A       1%          1

Your spell library contained the following spells:

 Spells                   Type           Power      Damage    Failure   Level
 Vampiric Draining        Necr           32%        2d8       4%          3
 Sandblast                Erth           8%         2d5       14%         1
 Animate Dead             Necr           16%        N/A       14%         4
 Passwall                 Tmut/Erth      3%         N/A       22%         2
 Stone Arrow              Conj/Erth      8%         3d7       38%         3
 Agony                    Necr           32%        N/A       38%         5
 Animate Armour           Summ/Erth      8%         N/A       80%         4
 Lehudib's Crystal Spear  Conj/Erth      2%         10d2      100%        8


Dungeon Overview and Level Annotations

Branches:
Dungeon (3/15)

Altars:


Innate Abilities, Weirdness & Mutations

You are partially covered in slimy green scales. (AC +2)
You are partially covered in sharp spines.


Message History

The orc priest is almost dead.
Something hits you. The orc priest hits you with a +0 mace. Something hits you.
Casting: Pain (safe; 1% risk of failure)
Confirm with . or Enter, or press ? or * to list all spells.
Aiming: Pain (safe; 1% risk of failure)
Press: ? - help, Shift-Dir - straight line, f/p - orc priest
Aim: an orc priest, wielding a +0 mace (almost dead, chance to affect: 83%)
The orc priest writhes in agony.
You kill the orc priest!
Something hits you but does no damage.
Casting: Pain (safe; 1% risk of failure)
Confirm with . or Enter, or press ? or * to list all spells.
You can't see any susceptible monsters within range! (Use Z to cast anyway.) Unknown command.
You hit something but do no damage.
You hear some strange, mumbled words.
Something tries to affect you, but you resist.
You barely miss something. Something hits you.
Your +0 dagger of venom begins to drip with poison!
i - a +0 dagger of venom (weapon)
Something hits you but does no damage.
You completely miss something. Something hits you but does no damage.
You barely miss something. Something hits you but does no damage.
You hit something but do no damage. Something hits you.
You closely miss something. Something hits you but does no damage.
You miss something.
You hear some strange, mumbled words.
A puff of flame appears from out of thin air!
The puff of flame hits you!
* * * LOW HITPOINT WARNING * * *
Casting: Pain (safe; 1% risk of failure)
Confirm with . or Enter, or press ? or * to list all spells.
You can't see any susceptible monsters within range! (Use Z to cast anyway.)
Casting: Pain (safe; 1% risk of failure)
Confirm with . or Enter, or press ? or * to list all spells.
There is nothing nearby to animate!
It was a potion of invisibility.
You fade into invisibility!
Something hits you.
You die...

. .o)#################
.....)...)){@.......
..........###################
........#.#...........<.#....
..(.###.#.#.#..#..).......##.
###.###.#.#.#..#...........#.
..................>......#.
#####.#.#.#..#..#..#.....#.
..........#..#........#.
###.###.#.....#..........


There were no monsters in sight!

Vanquished Creatures
  An orc priest (D:3)
  Robin (D:2)
  3 dart slugs
  2 orcs (D:3)
  7 endoplasms
  A giant cockroach (D:1)
  12 goblins
  6 hobgoblins
  7 kobolds
  A quokka (D:1)
  A ball python (D:3)
  8 bats
  2 frilled lizards
  10 rats
62 creatures vanquished.

Notes
Turn   | Place    | Note
-------+----------+-------------------------------------------
     0 | D:1      | fuccboisucc420 the Demonspawn Necromancer began the quest
                  | for the Orb.
     0 | D:1      | Reached XP level 1. HP: 13/13 MP: 3/3
   239 | D:1      | Gained mutation: You are partially covered in sharp spines.
                  | [demonic ancestry]
   239 | D:1      | Reached XP level 2. HP: 8/19 MP: 0/5
  1191 | D:2      | Gained mutation: You are partially covered in slimy green
                  | scales. (AC +2) [demonic ancestry]
  1191 | D:2      | Reached XP level 3. HP: 22/24 MP: 4/6
  1300 | D:2      | Noticed Robin
  1355 | D:2      | Reached skill level 5 in Necromancy
  1413 | D:2      | Killed Robin
  1806 | D:2      | Found a faded altar of an unknown god.
  1918 | D:2      | Learned a level 1 spell: Animate Skeleton
  1984 | D:2      | Reached XP level 4. HP: 29/30 MP: 6/8
  2517 | D:3      | Slain by an orc wizard

Illustrated notes

Levels and vault maps discovered:
D:1:      elethiomel_arrival_shortcut, layout_loops_ring
D:2:      layout_basic, hellmonk_ecumenical_altar_lost_god, chequers_garden,
          uniq_robin
D:3:      layout_basic, nicolae_dithmenos_the_darkroom,
          nicolae_qazlal_general_emergency, lemuel_round_altar,
          ebering_ghost_rock_garden

Skill      XL: |  1  2  3 |
---------------+----------+-----
Necromancy     | 5 |  5.5
Stealth        | 2 |  2.0
Spellcasting   | 3 |  3.3
Armour         | |  0.1
Dodging        | |  1.9

Action                   |  1- 3 |  4- 6 || total
-------------------------+-------+-------++-------
Melee: Dagger            |     5 |    13 ||    18
       Unarmed           |     2 |       ||     2
       Short sword       |     7 |       ||     7
       Staff             |       |     4 ||     4
 Cast: Pain              |    61 |    19 ||    80
       Animate Skeleton  |       |     1 ||     1
  Use: Scroll            |       |     3 ||     3
       Potion            |       |     1 ||     1
Armor: Robe              |    13 |       ||    13
       Leather armour    |     1 |     7 ||     8
Dodge: Dodged            |    20 |     6 ||    26
